| TOP OF THE 1ST |
|
Brockton Rox batting - Pitching for Trois-Riveres Aigles : RHP Jose Hinojosa
|
|
Pitching: RHP Jose Hinojosa
|
|
|
Batting: LHB Darby Starburster
|
0-0: Called Strike 0-1: Called Strike 0-2: Ball 1-2: Strikes out swinging
|
|
Batting: RHB Jose Blocker
|
0-0: Foul Ball, location: 2F 0-1: Ground out 6-3 (Groundball, 6, EV 100.0 MPH)
|
|
Batting: RHB Matt Walker
|
0-0: Fly out, F7 (Line Drive, 78S, EV 98.1 MPH)
|
| Top of the 1st over - 0 runs, 0 hits, 0 errors, 0 left on base; Brockton 0 - Trois-Riveres 0 |
| BOTTOM OF THE 1ST |
|
Trois-Riveres Aigles batting - Pitching for Brockton Rox : RHP Emile Pirandello
|
|
Pitching: RHP Emile Pirandello
|
|
|
Batting: SHB Josif Popovski
|
0-0: Called Strike 0-1: Foul Ball, location: 2F 0-2: Foul Ball, location: 2F 0-2: Fly out, F5 (Popup, 5F, EV 80.0 MPH)
|
|
Batting: RHB Micah Logan
|
0-0: Called Strike 0-1: SINGLE (Flyball, 56D, EV 81.9 MPH)
|
|
Batting: SHB Derek Weaver
|
0-0: Ball 1-0: Fly out, F6 (Popup, 4M, EV 56.2 MPH)
|
|
Batting: RHB Alistair Holmes
|
0-0: Ball 1-0: Foul Ball, location: 2F 1-1: Called Strike Micah Logan steals 2nd base 1-2: Ground out 6-3 (Groundball, 56, EV 108.1 MPH)
|
| Bottom of the 1st over - 0 runs, 1 hit, 0 errors, 1 left on base; Brockton 0 - Trois-Riveres 0 |
| TOP OF THE 2ND |
|
Brockton Rox batting - Pitching for Trois-Riveres Aigles : RHP Jose Hinojosa
|
|
Batting: LHB Isaiah Spitzbarth
|
0-0: Called Strike 0-1: Ball 1-1: Ball 2-1: Ball 3-1: Fly out, F7 (Flyball, 7D, EV 88.8 MPH)
|
|
Batting: SHB Mel Gonzalez
|
0-0: Ball 1-0: Ground out 6-3 (Groundball, 6, EV 85.0 MPH)
|
|
Batting: LHB Joe Martens
|
0-0: Ball 1-0: Fly out, F7 (Flyball, 7S, EV 88.1 MPH)
|
| Top of the 2nd over - 0 runs, 0 hits, 0 errors, 0 left on base; Brockton 0 - Trois-Riveres 0 |
| BOTTOM OF THE 2ND |
|
Trois-Riveres Aigles batting - Pitching for Brockton Rox : RHP Emile Pirandello
|
|
Batting: RHB John Garland
|
0-0: Swinging Strike 0-1: Swinging Strike 0-2: Ball 1-2: Fly out, F8 (Line Drive, 89M, EV 90.6 MPH)
|
|
Batting: RHB Danny Mota
|
0-0: Ball 1-0: SINGLE (Line Drive, 4, EV 95.0 MPH)
|
|
Batting: RHB Christopher Arnett
|
0-0: Foul Ball, location: 2F 0-1: Ball 1-1: Foul Ball, location: 2F 1-2: Fielders Choice at 2nd, 5-4 (Groundball, 56, EV 105.6 MPH)
|
|
Batting: SHB Aaron Ruscigno
|
0-0: SINGLE (Flyball, 3D, EV 85.0 MPH) Christopher Arnett to second
|
|
Batting: SHB Paul Dupuis
|
0-0: Fly out, F7 (Flyball, 7S, EV 87.5 MPH)
|
| Bottom of the 2nd over - 0 runs, 2 hits, 0 errors, 2 left on base; Brockton 0 - Trois-Riveres 0 |
| TOP OF THE 3RD |
|
Brockton Rox batting - Pitching for Trois-Riveres Aigles : RHP Jose Hinojosa
|
|
Batting: LHB Eddie Noon
|
0-0: Called Strike 0-1: Ball 1-1: Swinging Strike 1-2: Strikes out swinging
|
|
Batting: LHB Jim Connel
|
0-0: Fly out, F6 (Flyball, 6MD, EV 86.9 MPH)
|
|
Batting: RHB Joe Borrowman
|
0-0: Called Strike 0-1: Called Strike 0-2: Ball 1-2: Ball 2-2: Strikes out swinging, 2-3 out at first.
|
| Top of the 3rd over - 0 runs, 0 hits, 0 errors, 0 left on base; Brockton 0 - Trois-Riveres 0 |
| BOTTOM OF THE 3RD |
|
Trois-Riveres Aigles batting - Pitching for Brockton Rox : RHP Emile Pirandello
|
|
Batting: SHB Josif Popovski
|
0-0: Called Strike 0-1: DOUBLE (Flyball, 78D, EV 98.1 MPH)
|
|
Batting: RHB Micah Logan
|
0-0: Ball Josif Popovski steals 3rd base 1-0: Called Strike 1-1: Foul Ball, location: 2F 1-2: DOUBLE (Line Drive, 78M, EV 96.9 MPH) Josif Popovski scores
|
|
Batting: SHB Derek Weaver
|
0-0: Swinging Strike 0-1: Ball 1-1: Foul Ball, location: 2F 1-2: Strikes out swinging
|
|
Batting: RHB Alistair Holmes
|
0-0: Foul Ball, location: 2F 0-1: Foul Ball, location: 2F 0-2: Ground out 4-3 (Groundball, 4, EV 107.5 MPH) Micah Logan to third
|
|
Batting: RHB John Garland
|
0-0: Ball Wild Pitch! Micah Logan scores 1-0: SINGLE (Line Drive, 6D, EV 95.0 MPH)
|
|
Batting: RHB Danny Mota
|
0-0: Fielders Choice at 2nd, 6-4 (Groundball, 6, EV 109.4 MPH)
|
| Bottom of the 3rd over - 2 runs, 3 hits, 0 errors, 1 left on base; Brockton 0 - Trois-Riveres 2 |
| TOP OF THE 4TH |
|
Brockton Rox batting - Pitching for Trois-Riveres Aigles : RHP Jose Hinojosa
|
|
Batting: LHB Darby Starburster
|
0-0: Called Strike 0-1: Ball 1-1: Swinging Strike 1-2: Foul Ball, location: 2F 1-2: Ball 2-2: Ball 3-2: Base on Balls
|
|
Batting: RHB Jose Blocker
|
0-0: Called Strike 0-1: Grounds into double play, U6-3 (Groundball, P, EV 88.8 MPH)
|
|
Batting: RHB Matt Walker
|
0-0: Ground out 5-3 (Groundball, 56S, EV 85.0 MPH)
|
| Top of the 4th over - 0 runs, 0 hits, 0 errors, 0 left on base; Brockton 0 - Trois-Riveres 2 |
| BOTTOM OF THE 4TH |
|
Trois-Riveres Aigles batting - Pitching for Brockton Rox : RHP Emile Pirandello
|
|
Batting: RHB Christopher Arnett
|
0-0: Ball 1-0: Called Strike 1-1: Foul Ball, location: 2F 1-2: Fly out, F9 (Flyball, 9LS, EV 89.4 MPH)
|
|
Batting: SHB Aaron Ruscigno
|
0-0: Ball 1-0: Fly out, F7 (Flyball, 7, EV 93.8 MPH)
|
|
Batting: SHB Paul Dupuis
|
0-0: Ball 1-0: Swinging Strike 1-1: Ball 2-1: Swinging Strike 2-2: Strikes out swinging
|
| Bottom of the 4th over - 0 runs, 0 hits, 0 errors, 0 left on base; Brockton 0 - Trois-Riveres 2 |
| TOP OF THE 5TH |
|
Brockton Rox batting - Pitching for Trois-Riveres Aigles : RHP Jose Hinojosa
|
|
Batting: LHB Isaiah Spitzbarth
|
0-0: Ball 1-0: Called Strike 1-1: Ball 2-1: Ball 3-1: Called Strike 3-2: Base on Balls
|
|
Batting: SHB Mel Gonzalez
|
0-0: Swinging Strike 0-1: Called Strike 0-2: Strikes out swinging
|
|
Batting: LHB Joe Martens
|
0-0: Called Strike 0-1: SINGLE (Groundball, 4M, EV 101.9 MPH) Isaiah Spitzbarth to second Runner from 2nd tries for 3rd, SAFE, throw by CF made to third
|
|
Batting: LHB Eddie Noon
|
0-0: Ball 1-0: Swinging Strike 1-1: Fly out, F3 (Popup, 3S, EV 71.9 MPH)
|
|
Batting: LHB Jim Connel
|
0-0: Ground out 1-3 (Groundball, 25, EV 65.0 MPH)
|
| Top of the 5th over - 0 runs, 1 hit, 0 errors, 2 left on base; Brockton 0 - Trois-Riveres 2 |
| BOTTOM OF THE 5TH |
|
Trois-Riveres Aigles batting - Pitching for Brockton Rox : RHP Emile Pirandello
|
|
Batting: SHB Josif Popovski
|
0-0: Reached on error, E6 (Groundball, 6M, EV 78.8 MPH)
|
|
Batting: RHB Micah Logan
|
0-0: Ball Josif Popovski steals 2nd base 1-0: SINGLE (Groundball, 6D, EV 96.9 MPH) Josif Popovski to third
|
|
Batting: SHB Derek Weaver
|
0-0: Swinging Strike 0-1: Fly out, F9 (Flyball, 89S, EV 91.9 MPH)
|
|
Batting: RHB Alistair Holmes
|
0-0: Ball 1-0: Ball 2-0: Foul Ball, location: 2F 2-1: Fly out, F9 (Flyball, 9, EV 73.8 MPH) Runner from 3rd tags up, OUT at HOME! 9-2
|
| Bottom of the 5th over - 0 runs, 1 hit, 1 error, 1 left on base; Brockton 0 - Trois-Riveres 2 |
| TOP OF THE 6TH |
|
Brockton Rox batting - Pitching for Trois-Riveres Aigles : RHP Jose Hinojosa
|
|
Batting: RHB Joe Borrowman
|
0-0: Ground out 5-3 (Groundball, 56S, EV 83.8 MPH)
|
|
Batting: LHB Darby Starburster
|
0-0: Called Strike 0-1: Ball 1-1: Foul Ball, location: 2F 1-2: Ball 2-2: Ball 3-2: Base on Balls
|
|
Batting: RHB Jose Blocker
|
0-0: Ball 1-0: Ball 2-0: Fielders Choice at 2nd, 5-4 (Groundball, 56, EV 106.2 MPH)
|
|
Batting: RHB Matt Walker
|
0-0: Ball 1-0: Called Strike 1-1: Ball 2-1: Fly out, F3 (Popup, 23F, EV 91.9 MPH)
|
| Top of the 6th over - 0 runs, 0 hits, 0 errors, 1 left on base; Brockton 0 - Trois-Riveres 2 |
| BOTTOM OF THE 6TH |
|
Trois-Riveres Aigles batting - Pitching for Brockton Rox : RHP Emile Pirandello
|
|
Batting: RHB John Garland
|
0-0: Fly out, F4 (Popup, 23, EV 91.2 MPH)
|
|
Batting: RHB Danny Mota
|
0-0: SINGLE (Groundball, 6MD, EV 100.0 MPH)
|
|
Batting: RHB Christopher Arnett
|
0-0: Called Strike 0-1: DOUBLE (Line Drive, 9LM, EV 106.9 MPH) Danny Mota to third
|
|
Batting: SHB Aaron Ruscigno
|
0-0: Ball 1-0: Swinging Strike 1-1: Foul Ball, location: 2F 1-2: Ball 2-2: Strikes out swinging
|
|
Batting: SHB Paul Dupuis
|
0-0: Ball 1-0: Ball 2-0: Called Strike 2-1: Called Strike 2-2: Ball 3-2: Foul Ball, location: 2F 3-2: Base on Balls
|
|
Batting: SHB Josif Popovski
|
0-0: SINGLE (Groundball, 25, EV 86.9 MPH) (infield hit) Danny Mota scores Christopher Arnett to third Paul Dupuis to second
|
|
Batting: RHB Micah Logan
|
0-0: Ball 1-0: Ball 2-0: Fly out, F7 (Flyball, 7S, EV 70.0 MPH)
|
| Bottom of the 6th over - 1 run, 3 hits, 0 errors, 3 left on base; Brockton 0 - Trois-Riveres 3 |
| TOP OF THE 7TH |
|
Brockton Rox batting - Pitching for Trois-Riveres Aigles : RHP Jose Hinojosa
|
|
Batting: LHB Isaiah Spitzbarth
|
0-0: Ball 1-0: Called Strike 1-1: Ground out U3 (Groundball, 3, EV 103.1 MPH)
|
|
Batting: SHB Mel Gonzalez
|
0-0: Ball 1-0: Ball 2-0: Ball 3-0: Called Strike 3-1: Foul Ball, location: 2F 3-2: Strikes out swinging
|
|
Batting: LHB Joe Martens
|
0-0: Ball 1-0: Swinging Strike 1-1: Ball 2-1: SOLO HOME RUN (Flyball, 7D, EV 100.0 MPH), Distance : 395 ft
|
|
Batting: LHB Eddie Noon
|
0-0: Ground out 6-3 (Groundball, 6M, EV 80.0 MPH)
|
| Top of the 7th over - 1 run, 1 hit, 0 errors, 0 left on base; Brockton 1 - Trois-Riveres 3 |
| BOTTOM OF THE 7TH |
|
Trois-Riveres Aigles batting - Pitching for Brockton Rox : RHP Emile Pirandello
|
|
Pitching: RHP Vance Haynes
|
|
|
Batting: SHB Derek Weaver
|
0-0: Foul Ball, location: 2F 0-1: Ground out U3 (Groundball, 3, EV 79.4 MPH)
|
|
Batting: RHB Alistair Holmes
|
0-0: Ball 1-0: Fly out, F8 (Flyball, 89M, EV 81.2 MPH)
|
|
Batting: RHB John Garland
|
0-0: Called Strike 0-1: Ball 1-1: Ball 2-1: SINGLE (Groundball, 56S, EV 68.1 MPH) (infield hit)
|
|
Batting: RHB Danny Mota
|
0-0: Ground out 5-3 (Groundball, 56, EV 104.4 MPH)
|
| Bottom of the 7th over - 0 runs, 1 hit, 0 errors, 1 left on base; Brockton 1 - Trois-Riveres 3 |
| TOP OF THE 8TH |
|
Brockton Rox batting - Pitching for Trois-Riveres Aigles : RHP Jose Hinojosa
|
|
Pinch Hitting: RHB Chris Zubia
|
0-0: Ball 1-0: Swinging Strike 1-1: Foul Ball, location: 2F 1-2: Foul Ball, location: 2F 1-2: Ball 2-2: Ball 3-2: Ground out 6-3 (Groundball, 6M, EV 86.9 MPH)
|
|
Batting: RHB Joe Borrowman
|
0-0: Ground out 6-3 (Groundball, 6S, EV 70.6 MPH)
|
|
Batting: LHB Darby Starburster
|
0-0: Ball 1-0: Called Strike 1-1: SINGLE (Groundball, 25, EV 68.1 MPH) (infield hit)
|
|
Batting: RHB Jose Blocker
|
0-0: Called Strike 0-1: Ball 1-1: Ball 2-1: Swinging Strike 2-2: SINGLE (Line Drive, 78S, EV 91.9 MPH) Darby Starburster to second
|
|
Batting: RHB Matt Walker
|
0-0: Ball 1-0: Swinging Strike 1-1: Ball 2-1: Ball 3-1: Base on Balls Darby Starburster to third Jose Blocker to second
|
|
Pinch Hitting: RHB Kyle Franken
|
0-0: Ball 1-0: Called Strike 1-1: Ball 2-1: Ball 3-1: Base on Balls Darby Starburster scores Jose Blocker to third Matt Walker to second
|
|
Pinch Hitting: RHB Eric Morrison
|
0-0: Fly out, F6 (Popup, 6, EV 67.5 MPH)
|
| Top of the 8th over - 1 run, 2 hits, 0 errors, 3 left on base; Brockton 2 - Trois-Riveres 3 |
| BOTTOM OF THE 8TH |
|
Trois-Riveres Aigles batting - Pitching for Brockton Rox : RHP Vance Haynes
|
|
Now at C: Kyle Franken
|
|
|
Now at 3B: Chris Zubia
|
|
|
Now in RF: Wu-sheng Zi
|
|
|
Batting: RHB Christopher Arnett
|
0-0: Called Strike 0-1: Ball 1-1: Called Strike 1-2: Foul Ball, location: 2F 1-2: Ball 2-2: Strikes out looking
|
|
Batting: SHB Aaron Ruscigno
|
0-0: SINGLE (Groundball, 25, EV 60.6 MPH) (infield hit)
|
|
Batting: SHB Paul Dupuis
|
0-0: Ball 1-0: Ball 2-0: Grounds into double play, U6-3 (Groundball, 4MS, EV 85.6 MPH)
|
| Bottom of the 8th over - 0 runs, 1 hit, 0 errors, 0 left on base; Brockton 2 - Trois-Riveres 3 |
| TOP OF THE 9TH |
|
Brockton Rox batting - Pitching for Trois-Riveres Aigles : RHP Jose Hinojosa
|
|
Pitching: RHP Steve Rennecker
|
|
|
Now at C: Chris Davis
|
|
|
Now at 1B: Danny Mota
|
|
|
Batting: LHB Joe Martens
|
0-0: Ball 1-0: Foul Ball, location: 2F 1-1: Fly out, F8 (Flyball, 8LD, EV 98.8 MPH)
|
|
Batting: LHB Eddie Noon
|
0-0: Fly out, F1 (Line Drive, P, EV 71.9 MPH)
|
|
Batting: RHB Chris Zubia
|
0-0: Foul Ball, location: 2F 0-1: Ball 1-1: Ball 2-1: Ball 3-1: Swinging Strike 3-2: Ground out 5-3 (Groundball, 5, EV 101.2 MPH)
|
| Top of the 9th over - 0 runs, 0 hits, 0 errors, 0 left on base; Brockton 2 - Trois-Riveres 3 |
|